PCL
FRESNO GRIZZLIES @ ALBUQUERQUE ISOTOPES
07/05/2098
 
TOP OF THE 1ST
Fresno Grizzlies batting - Pitching for Albuquerque Isotopes : RHP Derek Fauntleroy
Pitching: RHP Derek Fauntleroy
Batting: RHB Bret Payne 0-0: Called Strike
0-1: Ball
1-1: Swinging Strike
1-2: Fly out, F9 (Line Drive, 9, EV 85.6 MPH)
Batting: RHB Del Bannerman 0-0: SINGLE (Groundball, 6, EV 90.0 MPH)
Batting: SHB Aaron Bussell 0-0: Called Strike
0-1: Called Strike
0-2: Foul Ball, location: 2F
0-2: Foul Ball, location: 2LF
0-2: Strikes out looking
Batting: RHB Justin Haug 0-0: Ball
1-0: Called Strike
1-1: Foul Ball, location: 9LDF
1-2: Ball
2-2: Foul Ball, location: 9LSF
2-2: Strikes out swinging
Top of the 1st over - 0 runs, 1 hit, 0 errors, 1 left on base; Fresno 0 - Albuquerque 0
BOTTOM OF THE 1ST
Albuquerque Isotopes batting - Pitching for Fresno Grizzlies : RHP Sam Zick
Pitching: RHP Sam Zick
Batting: LHB Ken Calhoun 0-0: Called Strike
0-1: Foul Ball, location: 2F
0-2: Strikes out swinging
Batting: SHB Jorge Carrea 0-0: Ball
1-0: Called Strike
1-1: SINGLE (Flyball, 8LS, EV 90.0 MPH)
Batting: LHB Josue Lopez 0-0: Ball
1-0: Ball
2-0: Fly out, F7 (Flyball, 7LM, EV 95.6 MPH)
Batting: RHB Francisco Salto 0-0: Called Strike
0-1: Swinging Strike
0-2: Fielders Choice at 2nd, 6-4 (Groundball, 6, EV 104.4 MPH)
Bottom of the 1st over - 0 runs, 1 hit, 0 errors, 1 left on base; Fresno 0 - Albuquerque 0
TOP OF THE 2ND
Fresno Grizzlies batting - Pitching for Albuquerque Isotopes : RHP Derek Fauntleroy
Batting: RHB Aaron McNelley 0-0: Called Strike
0-1: Called Strike
0-2: Ball
1-2: Strikes out looking
Batting: RHB Tony Tenesaca 0-0: Ball
1-0: Ball
2-0: Foul Ball, location: 3F
2-1: Fly out, F8 (Flyball, 8LD, EV 108.1 MPH)
Batting: RHB Dan Shannon 0-0: Ball
1-0: Foul Ball, location: 23F
1-1: SINGLE (Line Drive, 9S, EV 97.5 MPH)
Batting: RHB Chase Bavaro 0-0: Fielders Choice at 2nd, 6-4 (Groundball, 6, EV 86.9 MPH)
Top of the 2nd over - 0 runs, 1 hit, 0 errors, 1 left on base; Fresno 0 - Albuquerque 0
BOTTOM OF THE 2ND
Albuquerque Isotopes batting - Pitching for Fresno Grizzlies : RHP Sam Zick
Batting: RHB Hugo Sanchez 0-0: SOLO HOME RUN (Flyball, 89XD, EV 110.6 MPH), Distance : 424 ft
Batting: LHB Roberto Velasco 0-0: DOUBLE (Line Drive, 78D, EV 110.0 MPH)
Batting: RHB Benny Scanlon 0-0: SINGLE (Groundball, 5S, EV 68.1 MPH) (infield hit)
Roberto Velasco to third
Batting: SHB Mike Schirmer 0-0: Ball
1-0: Ball
2-0: Ball
3-0: Called Strike
3-1: Foul Ball, location: 7LSF
3-2: Base on Balls
Benny Scanlon to second
Batting: RHB Johnny Holton 0-0: Ball
1-0: Ball
2-0: Foul Ball, location: 2F
2-1: Ball
3-1: Foul Ball, location: 9LDF
3-2: Foul Ball, location: 9LSF
3-2: Fly out, F7 (Flyball, 7, EV 87.5 MPH)
Runner from 3rd tags up, OUT at HOME! 7-2
Benny Scanlon to third
Mike Schirmer to second
Batting: LHB Ken Calhoun 0-0: Called Strike
0-1: Ball
1-1: Foul Ball, location: 5SF
1-2: Foul Ball, location: 7LMF
1-2: Foul Ball, location: 3F
1-2: Foul Ball, location: 3F
1-2: Fly out, F7 (Flyball, 7LS, EV 80.0 MPH)
Bottom of the 2nd over - 1 run, 3 hits, 0 errors, 2 left on base; Fresno 0 - Albuquerque 1
TOP OF THE 3RD
Fresno Grizzlies batting - Pitching for Albuquerque Isotopes : RHP Derek Fauntleroy
Batting: RHB Michael Harrison 0-0: Ball
1-0: Ball
2-0: Foul Ball, location: 9LMF
2-1: Called Strike
2-2: Strikes out swinging
Batting: RHB Bret Payne 0-0: Called Strike
0-1: Called Strike
0-2: Ball
1-2: Strikes out swinging
Batting: RHB Del Bannerman 0-0: Ball
1-0: Ball
2-0: Called Strike
2-1: Ground out 6-3 (Groundball, 56, EV 108.8 MPH)
Top of the 3rd over - 0 runs, 0 hits, 0 errors, 0 left on base; Fresno 0 - Albuquerque 1
BOTTOM OF THE 3RD
Albuquerque Isotopes batting - Pitching for Fresno Grizzlies : RHP Sam Zick
Batting: SHB Jorge Carrea 0-0: Ball
1-0: Called Strike
1-1: Swinging Strike
1-2: Ball
2-2: Ground out 4-3 (Groundball, 4D, EV 100.0 MPH)
Batting: LHB Josue Lopez 0-0: Called Strike
0-1: Ball
1-1: Foul Ball, location: 2F
1-2: Fly out, F7 (Flyball, 7D, EV 88.8 MPH)
Batting: RHB Francisco Salto 0-0: Ground out 6-3 (Groundball, 56, EV 84.4 MPH)
Bottom of the 3rd over - 0 runs, 0 hits, 0 errors, 0 left on base; Fresno 0 - Albuquerque 1
TOP OF THE 4TH
Fresno Grizzlies batting - Pitching for Albuquerque Isotopes : RHP Derek Fauntleroy
Batting: SHB Aaron Bussell 0-0: Ball
1-0: SINGLE (Groundball, 4MD, EV 100.0 MPH)
Batting: RHB Justin Haug 0-0: Ball
1-0: Fly out, F2 (Popup, 25F, EV 90.0 MPH)
Batting: RHB Aaron McNelley 0-0: Ball
1-0: SINGLE (Groundball, 4MD, EV 106.3 MPH)
Aaron Bussell to second
Runner from 2nd tries for 3rd, SAFE, throw by CF made to third
Batting: RHB Tony Tenesaca 0-0: Called Strike
0-1: Swinging Strike
0-2: Ball
1-2: Strikes out swinging
Batting: RHB Dan Shannon 0-0: Swinging Strike
0-1: Ball
1-1: Swinging Strike
1-2: Ball
2-2: Strikes out swinging
Top of the 4th over - 0 runs, 2 hits, 0 errors, 2 left on base; Fresno 0 - Albuquerque 1
BOTTOM OF THE 4TH
Albuquerque Isotopes batting - Pitching for Fresno Grizzlies : RHP Sam Zick
Batting: RHB Hugo Sanchez 0-0: Swinging Strike
0-1: Foul Ball, location: 5F
0-2: Ball
1-2: Strikes out looking
Batting: LHB Roberto Velasco 0-0: Foul Ball, location: 7LSF
0-1: Ball
1-1: Fly out, F4 (Popup, 4MD, EV 50.0 MPH)
Batting: RHB Benny Scanlon 0-0: Foul Ball, location: 2F
0-1: Ball
1-1: Called Strike
1-2: Strikes out swinging
Bottom of the 4th over - 0 runs, 0 hits, 0 errors, 0 left on base; Fresno 0 - Albuquerque 1
TOP OF THE 5TH
Fresno Grizzlies batting - Pitching for Albuquerque Isotopes : RHP Derek Fauntleroy
Batting: RHB Chase Bavaro 0-0: Foul Ball, location: 5FF
0-1: SINGLE (Groundball, 34S, EV 73.8 MPH) (infield hit)
Batting: RHB Michael Harrison 0-0: Bunted foul
0-1: Bunted foul
0-2: Foul Ball, location: 7LMF
0-2: Ball
1-2: Grounds into double play, 6-4-3 (Groundball, 6, EV 90.0 MPH)
Batting: RHB Bret Payne 0-0: Called Strike
0-1: Swinging Strike
0-2: Strikes out swinging
Top of the 5th over - 0 runs, 1 hit, 0 errors, 0 left on base; Fresno 0 - Albuquerque 1
BOTTOM OF THE 5TH
Albuquerque Isotopes batting - Pitching for Fresno Grizzlies : RHP Sam Zick
Batting: SHB Mike Schirmer 0-0: Ball
1-0: Ball
2-0: Foul Ball, location: 2F
2-1: Called Strike
2-2: Fly out, F8 (Flyball, 8RM, EV 95.6 MPH)
Batting: RHB Johnny Holton 0-0: Called Strike
0-1: Ball
1-1: SINGLE (Line Drive, 5D, EV 95.0 MPH)
Batting: LHB Ken Calhoun 0-0: Called Strike
0-1: Swinging Strike
0-2: Ball
1-2: Ball
2-2: Foul Ball, location: 2LF
2-2: Strikes out swinging
Batting: SHB Jorge Carrea 0-0: Fielders Choice at 2nd, 6-4 (Groundball, 6, EV 100.6 MPH)
Bottom of the 5th over - 0 runs, 1 hit, 0 errors, 1 left on base; Fresno 0 - Albuquerque 1
TOP OF THE 6TH
Fresno Grizzlies batting - Pitching for Albuquerque Isotopes : RHP Derek Fauntleroy
Batting: RHB Del Bannerman 0-0: Called Strike
0-1: Ball
1-1: SINGLE (Groundball, 34D, EV 101.9 MPH)
Batting: SHB Aaron Bussell 0-0: Ball
1-0: Ball
2-0: Ball
3-0: Base on Balls
Del Bannerman to second
Batting: RHB Justin Haug 0-0: Foul Ball, location: 2F
0-1: Ball
1-1: SINGLE (Groundball, 6MD, EV 94.4 MPH)
Del Bannerman to third
Aaron Bussell to second
Batting: RHB Aaron McNelley 0-0: Ball
1-0: Ball
2-0: Called Strike
2-1: Grounds into double play, 3-2-3 (Groundball, 34, EV 90.6 MPH)
Aaron Bussell to third
Justin Haug to second
Batting: RHB Tony Tenesaca 0-0: Called Strike
0-1: Called Strike
0-2: Ball
1-2: Ground out 6-3 (Groundball, 6, EV 91.9 MPH)
Top of the 6th over - 0 runs, 2 hits, 0 errors, 2 left on base; Fresno 0 - Albuquerque 1
BOTTOM OF THE 6TH
Albuquerque Isotopes batting - Pitching for Fresno Grizzlies : RHP Sam Zick
Batting: LHB Josue Lopez 0-0: Foul Ball, location: 7LSF
0-1: Called Strike
0-2: Ball
1-2: Ball
2-2: Foul Ball, location: 9LDF
2-2: Ground out 5-3 (Groundball, 5, EV 88.1 MPH)
Batting: RHB Francisco Salto 0-0: Ball
1-0: Foul Ball, location: 2F
1-1: Ball
2-1: Foul Ball, location: 3F
2-2: Foul Ball, location: 2F
2-2: Ball
3-2: Base on Balls
Batting: RHB Hugo Sanchez 0-0: Ball
1-0: Ball
2-0: Swinging Strike
2-1: Swinging Strike
2-2: Strikes out looking
Batting: LHB Roberto Velasco 0-0: Ball
1-0: Called Strike
1-1: Ball
2-1: Foul Ball, location: 2F
2-2: DOUBLE (Line Drive, 78D, EV 100.6 MPH)
Francisco Salto to third
Runner from 3rd tries for Home, SAFE, throw by CF to home
Batting: RHB Benny Scanlon 0-0: Foul Ball, location: 5FF
0-1: Foul Ball, location: 2F
0-2: Strikes out looking
Bottom of the 6th over - 1 run, 1 hit, 0 errors, 1 left on base; Fresno 0 - Albuquerque 2
TOP OF THE 7TH
Fresno Grizzlies batting - Pitching for Albuquerque Isotopes : RHP Derek Fauntleroy
Batting: RHB Dan Shannon 0-0: Ground out 5-3 (Groundball, 56, EV 87.5 MPH)
Batting: RHB Chase Bavaro 0-0: Called Strike
0-1: Reached on error, E5 (Groundball, 5S, EV 81.3 MPH)
Batting: RHB Michael Harrison 0-0: Called Strike
0-1: Ball
1-1: Ball
2-1: DOUBLE (Groundball, 5L, EV 103.1 MPH)
Chase Bavaro to third
Runner from 3rd tries for Home, SAFE, throw by LF to trailing runner, SAFE at third!
Pitching: LHP Chris Alexander
Batting: RHB Bret Payne 0-0: Foul Ball, location: 2F
0-1: Ball
1-1: Ball
2-1: Swinging Strike
2-2: Strikes out swinging
Batting: RHB Del Bannerman 0-0: Foul Ball, location: 3F
0-1: Called Strike
0-2: SINGLE (Groundball, 4MD, EV 106.9 MPH)
Michael Harrison scores
Batting: SHB Aaron Bussell 0-0: Ball
1-0: Called Strike
1-1: Foul Ball, location: 3SF
1-2: Strikes out swinging
Top of the 7th over - 2 runs, 2 hits, 1 error, 1 left on base; Fresno 2 - Albuquerque 2
BOTTOM OF THE 7TH
Albuquerque Isotopes batting - Pitching for Fresno Grizzlies : RHP Sam Zick
Batting: SHB Mike Schirmer 0-0: Swinging Strike
0-1: Ball
1-1: Ball
2-1: Ball
3-1: Called Strike
3-2: Foul Ball, location: 2F
3-2: Ground out U3 (Groundball, 3, EV 89.4 MPH)
Batting: RHB Johnny Holton 0-0: Called Strike
0-1: Foul Ball, location: 2F
0-2: Ball
1-2: DOUBLE (Line Drive, 78M, EV 101.3 MPH)
Batting: LHB Ken Calhoun 0-0: Ball
1-0: Called Strike
1-1: SINGLE (Groundball, 4MD, EV 101.9 MPH)
Johnny Holton to third
Runner from 3rd tries for Home, SAFE, throw by CF to home
Pitching: LHP Wiley Hill
Batting: SHB Jorge Carrea 0-0: Ball
1-0: Ball
2-0: Called Strike
2-1: Ball
Wild Pitch!
Ken Calhoun to second
3-1: SINGLE (Groundball, 34S, EV 71.3 MPH) (infield hit)
Ken Calhoun to third
Batting: RHB Tony Breitling 0-0: Ball
1-0: Foul Ball, location: 2F
1-1: Swinging Strike
1-2: Foul Ball, location: 9LMF
1-2: Foul Ball, location: 5F
1-2: Ball
2-2: Ball
3-2: Grounds into double play, 6-4-3 (Groundball, 56, EV 77.5 MPH)
Bottom of the 7th over - 1 run, 3 hits, 0 errors, 1 left on base; Fresno 2 - Albuquerque 3
TOP OF THE 8TH
Fresno Grizzlies batting - Pitching for Albuquerque Isotopes : LHP Chris Alexander
Batting: RHB Justin Haug 0-0: Ball
1-0: Ball
2-0: Ball
3-0: Base on Balls
Batting: RHB Aaron McNelley 0-0: Ball
1-0: SINGLE (Groundball, 34, EV 101.9 MPH) (infield hit)
Justin Haug to second
Batting: RHB Tony Tenesaca 0-0: Foul Ball, location: 7LDF
0-1: SINGLE (Flyball, 34D, EV 86.3 MPH)
Justin Haug to third
Aaron McNelley to second
Batting: RHB Dan Shannon 0-0: Fly out, F9 (Flyball, 9LM, EV 100.6 MPH)
Runner from 3rd tags up, SCORES, throw by RF
Aaron McNelley to third
Batting: RHB Chase Bavaro 0-0: Called Strike
0-1: Ball
Wild Pitch!
Aaron McNelley scores
Tony Tenesaca to second
1-1: Intentional Walk
Batting: RHB Michael Harrison 0-0: Ball
1-0: Ball
2-0: Called Strike
2-1: Foul Ball, location: 2RF
2-2: Foul Ball, location: 2F
2-2: Foul Ball, location: 9LDF
2-2: Strikes out looking
Batting: RHB Bret Payne 0-0: Called Strike
0-1: SINGLE (Line Drive, 8LS, EV 91.3 MPH)
Tony Tenesaca to third
Chase Bavaro to second
Runner from 3rd tries for Home, SAFE, throw by CF to trailing runner, OUT at third! 8-3-5
Top of the 8th over - 3 runs, 3 hits, 0 errors, 1 left on base; Fresno 5 - Albuquerque 3
BOTTOM OF THE 8TH
Albuquerque Isotopes batting - Pitching for Fresno Grizzlies : LHP Wiley Hill
Pitching: RHP Gene Kaiser
Batting: RHB Francisco Salto 0-0: Swinging Strike
0-1: Ball
1-1: Called Strike
1-2: SOLO HOME RUN (Flyball, 89XD, EV 103.8 MPH), Distance : 414 ft
Batting: RHB Hugo Sanchez 0-0: Ground out 5-3 (Groundball, 5, EV 106.9 MPH)
Batting: LHB Roberto Velasco 0-0: Ball
1-0: Ball
2-0: Ball
3-0: Base on Balls
Pinch Hitting: LHB Josh Bell 0-0: Ball
1-0: SINGLE (Flyball, 8LM, EV 96.3 MPH)
Roberto Velasco to second
Batting: SHB Mike Schirmer 0-0: Ball
1-0: Ball
2-0: Called Strike
2-1: Ball
3-1: DOUBLE (Line Drive, 7LS, EV 99.4 MPH)
Roberto Velasco scores
Josh Bell to third
Runner from 3rd tries for Home, SAFE, throw by LF to home
Batting: RHB Johnny Holton 0-0: Swinging Strike
0-1: Swinging Strike
0-2: Strikes out looking
Batting: LHB Ken Calhoun 0-0: Ball
1-0: Ball
2-0: Foul Ball, location: 3SF
2-1: Ball
3-1: Base on Balls
Batting: SHB Jorge Carrea 0-0: Ball
1-0: Ball
2-0: Ball
3-0: Called Strike
3-1: Foul Ball, location: 23FF
3-2: SINGLE (Groundball, 56D, EV 105.6 MPH)
Mike Schirmer to third
Ken Calhoun to second
Mike Schirmer scores
Ken Calhoun to third
Pitching: RHP Steve White
Batting: RHB Tony Breitling 0-0: Ball
1-0: Ball
2-0: Ball
3-0: Base on Balls
Jorge Carrea to second
Batting: RHB Francisco Salto 0-0: Ball
1-0: Ball
2-0: Called Strike
2-1: Ball
3-1: Foul Ball, location: 7LSF
3-2: TRIPLE (Flyball, 9LD, EV 105.6 MPH)
Ken Calhoun scores
Jorge Carrea scores
Tony Breitling scores
Batting: RHB Hugo Sanchez 0-0: Called Strike
0-1: Called Strike
0-2: Ball
1-2: Strikes out looking
Bottom of the 8th over - 7 runs, 5 hits, 0 errors, 1 left on base; Fresno 5 - Albuquerque 10
TOP OF THE 9TH
Fresno Grizzlies batting - Pitching for Albuquerque Isotopes : LHP Chris Alexander
Now at 3B: Cheh Luo
Batting: RHB Del Bannerman 0-0: Called Strike
0-1: DOUBLE (Flyball, 78D, EV 107.5 MPH)
Batting: SHB Aaron Bussell 0-0: Foul Ball, location: 7LSFF
0-1: Swinging Strike
0-2: Ball
1-2: Strikes out looking
Batting: RHB Justin Haug 0-0: Ball
1-0: Ball
2-0: SINGLE (Line Drive, 7S, EV 109.4 MPH)
Del Bannerman to third
Pitching: RHP Sam Kimes
Batting: RHB Aaron McNelley 0-0: Ball
1-0: Ball
2-0: Fly out, F8 (Flyball, 8RD, EV 93.1 MPH)
Runner from 3rd tags up, SCORES, no throw by CF
Pinch Hitting: LHB Mike Palmer 0-0: Foul Ball, location: 3F
0-1: Ground out 4-3 (Groundball, 34, EV 90.0 MPH)
Top of the 9th over - 1 run, 2 hits, 0 errors, 1 left on base; Fresno 6 - Albuquerque 10
Monday, April 8th , 2024 - OOTP Baseball 24.11 Build 85